 Dungeon Crawl Stone Soup version 0.20.0-6-gd3061e9 (webtiles) character file.

2030 MDvedh the Cleaver (level 9, -9/50 HPs)
             Began as a Tengu Fighter on May 28, 2017.
             Was a Follower of Okawaru.
             Shot with a sling bullet by Joseph (14 damage)
             ... on level 8 of the Dungeon.
             The game lasted 00:10:58 (8641 turns).

MDvedh the Cleaver (Tengu Fighter)                  Turns: 8641, Time: 00:10:58

Health: -9/50      AC: 11    Str: 24    XL:     9   Next: 23%
Magic:  10/10      EV:  5    Int:  8    God:    Okawaru [*.....]
Gold:   385        SH: 10    Dex: 15    Spells: 8/8 levels left

rFire    . . .     SeeInvis .   a - +0 war axe
rCold    . . .     Gourm    .   c - +0 shield
rNeg     . . .     Faith    .   u - +1 chain mail
rPois    .         Spirit   .   (helmet restricted)
rElec    .         Reflect  .   r - +0 cloak
rCorr    +         Harm     .   (no gloves)
MR       .....                  (boots unavailable)
Stlth    ..........             v - amulet of rage
Regen    0.2/turn               C - ring of resist corrosion
MPRegen  0.2/turn               (no ring)

@: mighty
A: beak, talons 3, able to fly 1
a: Fly, Heroism, Renounce Religion, Evoke Berserk Rage


You were on level 8 of the Dungeon.
You worshipped Okawaru.
Okawaru was aware of your devotion.
You were not hungry.

You visited 2 branches of the dungeon, and saw 9 of its levels.

You collected 385 gold pieces.

Inventory:

Hand Weapons
 a - a +0 war axe (weapon)
Armour
 c - a +0 shield (worn)
 r - a +0 cloak (worn)
 u - a +1 chain mail (worn)
Jewellery
 v - an amulet of rage (around neck)
 C - a ring of resist corrosion (left hand)
Scrolls
 g - 7 scrolls of identify
 h - 6 scrolls of remove curse
 m - a scroll of recharging
 p - a scroll of fog
Potions
 b - 2 potions of cancellation {unknown}
 d - 2 potions of might
 e - a potion of magic
 i - a potion of flight
 l - 2 potions of brilliance
 t - 2 potions of resistance
Books
 k - a book of Callings

   Spells                             Type                      Level
   a - Summon Small Mammal            Summoning                    1
   b - Call Imp                       Summoning                    2
   c - Call Canine Familiar           Summoning                    3
   d - Summon Guardian Golem          Hexes/Summoning              3
   e - Summon Lightning Spire         Summoning/Air                4
   f - Summon Ice Beast               Ice/Summoning                4
 s - a book of Enchantments

   Spells                             Type                      Level
   a - Cause Fear                     Hexes                        4
   b - Yara's Violent Unravelling     Hexes/Transmutation          5
   c - Silence                        Hexes/Air                    5
   d - Deflect Missiles               Charms/Air                   6
   e - Discord                        Hexes                        8
 x - a book of Conjurations

   Spells                             Type                      Level
   a - Magic Dart                     Conjuration                  1
   b - Searing Ray                    Conjuration                  2
   c - Dazzling Spray                 Conjuration/Hexes            3
   d - Fulminant Prism                Conjuration/Hexes            4
   e - Force Lance                    Conjuration/Translocation    4
   f - Iskenderun's Mystic Blast      Conjuration                  4
Comestibles
 f - 3 bread rations
 j - 3 royal jellies
 o - 2 fruits
 q - 3 meat rations


   Skills:
 - Level 3.0 Fighting
 + Level 12.7 Axes
 - Level 3.2 Armour
 - Level 3.0 Shields


You had 8 spell levels left.
You didn't know any spells.

Dungeon Overview and Level Annotations

Branches:
Dungeon (8/15)             Temple (1/1) D:6
   Lair: D:8-11

Altars:
Ashenzari
Cheibriados
Dithmenos
Elyvilon
Fedhas
Gozag
Hepliaklqana
Kikubaaqudgha
Nemelex Xobeh
Okawaru
Qazlal
Ru
Sif Muna
Trog
Uskayaw
Vehumet
Xom
Yredelemnul
Zin
The Shining One

Shops:
D:5 [

Annotations:
D:4 2 transporters
D:8 Joseph, Maurice


Innate Abilities, Weirdness & Mutations

You have a beak for a mouth.
You have claws for feet.
You can fly.


Message History

Unknown command.
Okay, then.
As you read the scroll of fear, it crumbles to dust.
You assume a fearsome visage.
Maurice looks frightened!
The hippogriff looks frightened!
Maurice wails, "Oh dear!
Oh dear!"
Maurice casts a spell.
Maurice flickers and vanishes!
Deactivating autopickup; reactivate with Ctrl-A.
You hear some strange, mumbled words.
Joseph shoots a sling bullet.
You block the sling bullet.
You see here a sling bullet.
Joseph shoots a sling bullet.
The sling bullet hits you but does no damage.
You see here a sling bullet.
Unknown command.
Joseph shoots a sling bullet.
You block the sling bullet.
Unknown command.
Joseph shoots a sling bullet.
The sling bullet hits you!
You die...

#...................#........
#.#..........#...#..#.#.#.###
#####.#)................#.#.#.###
....).....†..............[.......
#####.#..#.....#.....#....#.#....
......<.##.....#.#...####.#.#####
###.#....#.....#.#...######.#####
#.(#.#..#.....#.......@..@......
#. #.#..#......@....######.#####
#. ..#..#..................(.(..
# .###..#.#.##############.#####
.. .>.... .... # #### ###+# # # #
#


You could see Joseph.

Vanquished Creatures
  Menkaure (D:7)
  2 ice beasts
  An orc warrior (D:6)
  A black bear (D:7)
  2 ogres
  A bullfrog (D:7)
  2 scorpions
  2 howler monkeys (D:7)
  3 crimson imps
  3 hounds
  A gnoll shaman (D:7)
  A bullfrog skeleton (D:6)
  3 jellies
  4 orc wizards
  2 centaur skeletons
  3 iguanas
  7 worker ants
  18 gnolls
  9 adders
  A shadow imp (D:5)
  2 oozes (D:2)
  An adder zombie (D:5)
  3 dart slugs
  4 leopard geckos
  14 orcs
  9 giant cockroaches
  5 goblins
  8 hobgoblins
  11 jackals
  7 kobolds
  6 quokkas
  A ball python (D:3)
  11 bats
  7 frilled lizards
  A quokka skeleton (D:7)
  A quokka zombie (D:6)
  A rat (D:2)
159 creatures vanquished.

Notes
Turn   | Place    | Note
-------+----------+-------------------------------------------
     0 | D:1      | MDvedh the Tengu Fighter began the quest for the Orb.
     0 | D:1      | Reached XP level 1. HP: 14/14 MP: 2/2
   167 | D:1      | Reached XP level 2. HP: 18/19 MP: 3/3
   172 | D:1      | Reached skill level 3 in Axes
   496 | D:1      | Reached XP level 3. HP: 23/23 MP: 4/4
   627 | D:2      | Reached skill level 4 in Axes
  1106 | D:2      | Reached XP level 4. HP: 21/28 MP: 5/5
  1301 | D:2      | Found a deep blue altar of Sif Muna.
  1582 | D:2      | Found an ancient bone altar of Kikubaaqudgha.
  1707 | D:3      | Reached skill level 5 in Axes
  1980 | D:3      | Found a blossoming altar of Fedhas.
  1981 | D:3      | Found a hazy altar of Hepliaklqana.
  2070 | D:3      | Gained mutation: You can fly. [Tengu growth]
  2070 | D:3      | Reached XP level 5. HP: 11/32 MP: 6/6
  2570 | D:3      | Reached skill level 6 in Axes
  2725 | D:4      | Found a transporter.
  2791 | D:3      | HP: 1/32 [poisoned by a gnoll]
  3197 | D:4      | Reached XP level 6. HP: 26/37 MP: 7/7
  3418 | D:4      | Found a transporter.
  3490 | D:4      | Reached skill level 7 in Axes
  4610 | D:5      | Entered Level 5 of the Dungeon
  4689 | D:5      | Reached XP level 7. HP: 33/41 MP: 8/8
  4805 | D:5      | Reached skill level 8 in Axes
  4994 | D:5      | Found Qacveev's Antique Armour Boutique.
  5139 | D:5      | Got a dazzling hand axe
  5140 | D:5      | Identified the cursed +1 hand axe of the Last Stars {antimagic, rElec MR++ Int-5} (You found it on level 5 of the Dungeon)
  5280 | D:5      | Reached skill level 9 in Axes
  5840 | D:5      | Found a shimmering altar of Xom.
  6070 | D:6      | Found a staircase to the Ecumenical Temple.
  6127 | Temple   | Entered the Ecumenical Temple
  6266 | Temple   | Became a worshipper of Warmaster Okawaru
  6450 | D:6      | Reached XP level 8. HP: 42/46 MP: 9/9
  6473 | D:6      | HP: 1/46 [gnoll/halberd (6)]
  6496 | D:6      | HP: 2/46 [gnoll/halberd (2)]
  6507 | D:7      | Reached skill level 10 in Axes
  7397 | D:7      | Reached skill level 11 in Axes
  7477 | D:7      | Reached * piety under Okawaru
  7659 | D:7      | Noticed Menkaure
  7665 | D:7      | Killed Menkaure
  7665 | D:7      | Reached skill level 12 in Axes
  7665 | D:7      | Reached XP level 9. HP: 21/50 MP: 7/10
  8611 | D:8      | Noticed Joseph
  8611 | D:8      | Noticed Maurice
  8624 | D:8      | HP: 2/50 [hippogriff (6)]
  8641 | D:8      | Shot with a sling bullet by Joseph

Skill      XL: |  1  2  3  4  5  6  7  8 |
---------------+-------------------------+-----
Axes           | 3 4 5 6 7 9 12 | 12.7
Fighting       | |  3.0
Armour         | |  3.2
Shields        | |  3.0

Action                   |  1- 3 |  4- 6 |  7- 9 || total
-------------------------+-------+-------+-------++-------
Melee: War axe           |    93 |   199 |   240 ||   532
       Kick              |    17 |    55 |    82 ||   154
       Peck              |    17 |    35 |    69 ||   121
Invok: Heroism           |       |       |     2 ||     2
  Use: Scroll            |       |    10 |     4 ||    14
       Potion            |       |     1 |     4 ||     5
  Eat: Chunk             |       |     7 |     5 ||    12
       Bread ration      |       |     1 |     2 ||     3
Armor: Scale mail        |    53 |    50 |       ||   103
       Chain mail        |       |    49 |   130 ||   179
Dodge: Dodged            |    22 |    59 |    45 ||   126
Block: Shield            |    45 |    79 |   108 ||   232
